 Dungeon Crawl Stone Soup version 0.30.1-9-gdf580d7c3d (webtiles) character file.

Game seed: 11929877401364642934

91921 Peloso the Peltast (level 15, 124/124 HPs)
             Began as a Minotaur Fighter on Oct 19, 2023.
             Was a High Priest of Okawaru.
             Got out of the dungeon alive.
             The game lasted 00:56:42 (26153 turns).

Peloso the Peltast (Minotaur Fighter)              Turns: 26153, Time: 00:56:43

Health: 124/124    AC: 26    Str: 27    XL:     15   Next: 56%
Magic:  15/15      EV: 17    Int:  9    God:    Okawaru [*****.]
Gold:   2016       SH:  8    Dex: 16    Spells: 14/14 levels left

rFire   . . .        m - +8 mace of Disaster {heavy, rElec Str+3}
rCold   . . .        d - +0 buckler
rNeg    . . .        p - +9 ring mail of Bixemut {rElec}
rPois   +            K - +2 hat
rElec   +            x - +0 cloak
rCorr   +            I - +1 pair of gloves of Viogah {*Slow Will+ rCorr Int+4}
SInv    +            h - +1 pair of boots
Will    ++...        S - amulet of regeneration
Stlth   ++           Q - ring of Woon {rPois Str+2}
HPRegen 1.20/turn    e - ring of see invisible
MPRegen 0.14/turn

%: slow self (1%)
@: no status effects
A: horns 2, retaliatory headbutt, frail 1, wild magic 1
a: Renounce Religion, Heroism, Finesse, Duel


You escaped.
You worshipped Okawaru.
Okawaru was extremely pleased with you.
You visited 3 branches of the dungeon, and saw 22 of its levels.
You also visited: Sewer and Ossuary.

You collected 2080 gold pieces.
You spent 64 gold pieces at shops.

Inventory:

Hand Weapons
 a - a +4 scimitar of freezing
 b - a +4 long sword
 c - the +11 short sword "Xaif Dom" {flame, Dex+3}
   (You found it on level 14 of the Dungeon)

   Dex:       It affects your dexterity (+3).
 m - the +8 mace of Disaster (weapon) {heavy, rElec Str+3}
   (You found it on level 9 of the Dungeon)

   Str:       It affects your strength (+3).
   rElec:     It insulates you from electricity.
Armour
 d - a +0 buckler (worn)
 h - a +1 pair of boots (worn)
 p - the +9 ring mail of Bixemut (worn) {rElec}
   (Okawaru gifted it to you on level 2 of the Lair of Beasts)

   rElec:     It insulates you from electricity.
 x - a +0 cloak (worn)
 I - the +1 pair of gloves of Viogah (worn) {*Slow Will+ rCorr Int+4}
   (Okawaru gifted it to you on level 2 of the Orcish Mines)

   Int:       It affects your intelligence (+4).
   rCorr:     It protects you from acid and corrosion.
   *Slow:     It may slow you when you take damage.
   Will:      It increases your willpower.
 K - a +2 hat (worn)
 Z - a +2 chain mail of cold resistance
Jewellery
 e - a ring of see invisible (right hand)
 L - an amulet of reflection
 Q - the ring of Woon (left hand) {rPois Str+2}
   (You found it on level 9 of the Dungeon)

   [ring of poison resistance]

   Str:       It affects your strength (+2).
   rPois:     It protects you from poison.
 R - a ring of resist corrosion
 S - an amulet of regeneration (around neck)
 T - a ring of flight
 X - a ring of willpower
Wands
 i - a wand of light (7)
 z - a wand of flame (55)
Scrolls
 q - 7 scrolls of fear
 s - 8 scrolls of immolation
 t - 4 scrolls of teleportation
 w - a scroll of identify
 y - 2 scrolls of fog
 A - 2 scrolls of magic mapping
 E - 3 scrolls of blinking
 N - 2 scrolls of poison
Potions
 f - a potion of invisibility {unknown}
 g - 5 potions of might
 j - 6 potions of flight
 k - 16 potions of curing
 l - a potion of cancellation
 n - 2 potions of lignification
 o - 4 potions of heal wounds
 r - a potion of ambrosia {unknown}
 u - 3 potions of berserk rage
 B - 3 potions of mutation
 F - 3 potions of resistance
 M - a potion of haste
Miscellaneous
 v - a tin of tremorstones (2/2)


   Skills:
 + Level 14.1 Fighting
 + Level 1.1(7.5) Short Blades
 + Level 12.8 Long Blades
 + Level 14.2 Maces & Flails
 + Level 13.9 Armour
 + Level 11.4 Dodging
 + Level 3.3 Stealth
 + Level 16.0 Shields
 + Level 2.4 Invocations


You had 14 spell levels left.
You didn't know any spells.
Your spell library contained the following spells:

 Spells                   Type           Power      Damage    Failure   Level
 Apportation              Tloc           0%         N/A       58%         1
 Kiss of Death            Conj/Necr      0%         2d5       58%         1
 Magic Dart               Conj           0%         1d3       58%         1
 Necrotise                Necr           0%         1d4       58%         1
 Cigotuvi's Dreadful Rot  Necr/Pois/Air  0%         N/A       73%         2
 Ensorcelled Hibernation  Hex/Ice        0%         N/A       73%         2
 Passwall                 Tmut/Erth      0%         N/A       73%         2
 Poisonous Vapours        Pois/Air       0%         N/A       73%         2
 Scorch                   Fire           0%         2d5       73%         2
 Confusing Touch          Hex            0%         N/A       90%         3
 Dazzling Flash           Conj/Hex       0%         N/A       90%         3
 Gell's Gravitas          Tloc           0%         N/A       90%         3
 Inner Flame              Hex/Fire       0%         N/A       90%         3
 Mephitic Cloud           Conj/Pois/Air  0%         N/A       90%         3
 Portal Projectile        Hex/Tloc       0%         N/A       90%         3
 Spider Form              Tmut/Pois      0%         N/A       90%         3
 Swiftness                Air            0%         N/A       90%         3
 Teleport Other           Tloc           0%         N/A       90%         3
 Vhi's Electric Charge    Tloc/Air       0%         N/A       90%         3
 Anguish                  Hex/Necr       0%         N/A       100%        4
 Dispel Undead            Necr           0%         3d6       100%        4
 Flame Wave               Conj/Fire      0%         2d4       100%        4
 Leda's Liquefaction      Hex/Erth       0%         N/A       100%        4
 Sticky Flame             Conj/Fire      0%         2d3       100%        4
 Agony                    Necr           0%         N/A       100%        5
 Arcjolt                  Conj/Air       0%         1d10      100%        5
 Freezing Cloud           Conj/Ice/Air   0%         6-21      100%        5
 Lee's Rapid Deconstruct  Erth           0%         3d4*      100%        5
 Silence                  Hex/Air        0%         N/A       100%        5
 Yara's Violent Unravell  Hex/Tmut       0%         3d3       100%        5
 Dispersal                Tloc           0%         N/A       100%        6
 Statue Form              Tmut/Erth      0%         N/A       100%        6
 Enfeeble                 Hex            0%         N/A       100%        7
 Storm Form               Tmut/Air       0%         N/A       100%        7
 Maxwell's Capacitive Co  Air            0%         ∞         100%        8
 Summon Small Mammal      Summ           Unusable   N/A       N/A         1
 Call Imp                 Summ           Unusable   N/A       N/A         2
 Call Canine Familiar     Summ           Unusable   N/A       N/A         3
 Summon Guardian Golem    Hex/Summ       Unusable   N/A       N/A         3
 Summon Lightning Spire   Summ/Air       Unusable   N/A       N/A         4
 Death Channel            Necr           Unusable   N/A       N/A         6
 Summon Cactus Giant      Summ           Unusable   N/A       N/A         6

Dungeon Overview and Level Annotations

Branches:
Dungeon (15/15)            Temple (0/1) D:6            Lair (5/5) D:8
 Shoals (0/4) Lair:3        Snake (0/4) Lair:2        Slime (0/5) Lair:5
    Orc (2/2) D:9             Elf (0/3) Orc:2        Vaults (0/5) D:14
 Depths (0/4) D:15          Sewer (visited)         Ossuary (visited)

Altars:
Ashenzari
Cheibriados
Elyvilon
Gozag
Hepliaklqana
Kikubaaqudgha
Okawaru
Qazlal
Ru
Sif Muna
Trog
Vehumet
Wu Jian
Xom
Yredelemnul
Jiyva

Shops:
D:7 *   D:11 [   Orc:2 =!(*

Portals:
Pandemonium: Orc:2

Annotations:
D:11 Casa


Innate Abilities, Weirdness & Mutations

You have a pair of horns on your head.
You reflexively headbutt those who attack you in melee.
You are frail. (-10% HP)
Your spells are a little harder to cast, but a little more powerful.


Message History

There is a stone staircase leading down here.
There is a stone staircase leading up here.
You climb upwards.
There is a stone staircase leading down here.
There is a stone staircase leading up here.
You climb upwards.
There is a stone staircase leading down here.
There is an open door here.
There is an open door here.
You see here a staff of fire.
Items here: )) [[[.
There is a stone staircase leading up here.
You climb upwards.
There is a stone staircase leading down here.
There is a stone staircase leading up here.
You climb upwards.
There is a stone staircase leading down here.
Items here: ))) [[ ÷÷.
There is a stone staircase leading up here.
You climb upwards.
There is a stone staircase leading down here.
There is a stone staircase leading up here.
You climb upwards.
There is a stone staircase leading down here.
There is a stone staircase leading up here.
You see here a +0 dagger.
You climb upwards.
There is a stone staircase leading down here.
There is an escape hatch in the floor here.
There is a stone staircase leading up here.
You climb upwards.
There is a stone staircase leading down here.
There is a stone staircase leading up here.
You climb upwards.
There is a stone staircase leading down here.
You open the door.
There is an open door here.
There is a staircase leading out of the dungeon here.
Are you sure you want to leave the Dungeon?
This will make you lose the game!
You have escaped!

#...........##.#### #.
#.#####....########### #.
#.#####.#.##~~~~~☼~~~## #.
......_...#~~~~~~~~~~☼# ##
#.#####.#.#~°~#~○~~#~~#
#.......#.#~~○§~~~~~~~#
#########.#~~~~~~○~~~~#
#.###############
#..'....@....'..###
#######.#############...#
#.....#.#~~~~~~~~~~~###.# ##
###.###.#.#~~~~~~~~~~~# #.# ##.
........#.#~~~#§~○~#~~# #.# ##.#
###.......#~~~~~~~~~~~# #.# ##.##
..#.......##~~~~~~~~~####.###..#.
#.######...###########....##.#...
#.# ##.## #.######.#..


There were no monsters in sight!

Vanquished Creatures
  Kirke (Lair:5)
  Roxanne (D:15)
  Louise (D:15)
  A rakshasa (D:15)
  7 hydras
  Erolcha (D:13)
  4 vault guards
  3 catoblepae
  An anaconda (shapeshifter) (D:14)
  2 two-headed ogres
  2 demonspawn (Orc:2)
  6 death yaks (Lair:5)
  4 boulder beetles
  4 centaur warriors
  A deep troll shaman (Lair:5)
  A tengu warrior (D:14)
  3 orc high priests (Orc:2)
  A soul eater (Orc:2)
  A skyshark (Lair:5)
  A fire crab (shapeshifter) (D:15)
  2 necromancers
  8 orc knights
  5 deep elf pyromancers
  A lindwurm (Lair:5)
  5 ugly things (D:15)
  A wizard (D:15)
  2 cyclopes
  10 orc sorcerers
  2 manticores
  A naga mage (D:15)
  2 elephants (Lair:5)
  15 cane toads
  10 black mambas
  4 torpor snails (Lair:5)
  Psyche (D:10)
  2 unseen horrors
  An orange demon (Orc:2)
  A gargoyle (D:10)
  2 kobold demonologists
  3 rime drakes
  16 komodo dragons
  2 freezing wraiths
  5 trolls
  A wolf spider simulacrum (D:15)
  3 polar bears (Lair:3)
  Prince Ribbit (D:9)
  Grinder (D:4)
  16 blink frogs
  A centaur simulacrum (D:14)
  Sigmund (D:3)
  A slime creature (D:13)
  A spriggan (D:8)
  4 vampires
  6 humans (Lair:5)
  3 basilisks
  5 wyverns
  3 wraiths
  33 yaks
  A hog (Lair:5)
  A steam dragon (Lair:3)
  11 vampire mosquitoes
  11 wargs
  2 swamp worms (D:9)
  Edmund (D:6)
  4 nagas (Lair:2)
  25 water moccasins
  35 orc warriors
  A sky beast (D:8)
  4 black bears
  3 ice beasts
  6 ogres
  19 wolves
  8 centaurs
  A phantom (D:4)
  3 kobold brigands
  An elf zombie (Ossuary)
  2 gnoll sergeants
  9 bullfrogs
  10 scorpions
  10 wights
  8 killer bees
  3 howler monkeys
  2 electric eels
  5 centaur zombies
  A hound (D:4)
  4 human zombies (Ossuary)
  28 orc priests
  4 jellies
  Jessica (D:3)
  A gnoll bouda (D:8)
  7 iguanas
  Terence (D:3)
  35 orc wizards
  Natasha (thrice) (D:3)
  19 hell rats (Lair:5)
  A boggart simulacrum (D:15)
  4 mummies
  18 adders
  13 gnolls
  2 river rats
  A white imp (D:5)
  An ufetubus (D:3)
  2 adder zombies (Ossuary)
  8 worms
  5 dart slugs
  101 orcs
  16 bats
  7 endoplasms
  9 goblins
  11 hobgoblins
  2 jackals (Sewer)
  6 quokkas
  7 ball pythons
  5 frilled lizards
  A gnoll zombie (Ossuary)
  4 goblin zombies (Ossuary)
  8 hobgoblin zombies (Ossuary)
  2 jackal zombies (Ossuary)
  17 kobolds
  3 kobold zombies (Ossuary)
  An orc zombie (Ossuary)
  4 quokka zombies (Ossuary)
  12 rats
  4 rat zombies (Ossuary)
792 creatures vanquished.

Vanquished Creatures (others)
  An orc wizard (Orc:2)
  An orc (Orc:2)
2 creatures vanquished.

Grand Total: 794 creatures vanquished

Notes
Turn   | Place    | Note
-------+----------+-------------------------------------------
     0 | D:1      | Peloso the Minotaur Fighter began the quest for the Orb.
     0 | D:1      | Reached XP level 1. HP: 19/19 MP: 0/0
   228 | D:1      | Reached XP level 2. HP: 27/27 MP: 1/1
   357 | D:1      | Reached skill level 4 in Shields
   693 | D:1      | Found a faded altar of an unknown god.
   860 | D:1      | Reached XP level 3. HP: 33/33 MP: 2/2
  1397 | D:2      | Reached XP level 4. HP: 33/41 MP: 3/3
  2092 | D:3      | Noticed Natasha
  2098 | D:3      | Killed Natasha
  2099 | D:3      | Reached skill level 5 in Fighting
  2099 | D:3      | Reached skill level 1 in Dodging
  2121 | D:3      | Noticed Sigmund
  2174 | D:4      | Reached XP level 5. HP: 44/48 MP: 4/4
  2266 | D:4      | Found a hazy altar of Hepliaklqana.
  2269 | D:4      | Found a sacrificial altar of Ru.
  2269 | D:4      | Found a stormy altar of Qazlal.
  2272 | D:4      | Found a shimmering altar of Xom.
  2391 | D:4      | Reached XP level 6. HP: 41/56 MP: 5/5
  2475 | D:4      | Found a white marble altar of Elyvilon.
  2500 | D:4      | Noticed Grinder
  2503 | D:4      | Paralysed by Grinder for 2 turns
  2510 | D:4      | Reached skill level 5 in Long Blades
  2521 | D:4      | Killed Grinder
  2522 | D:4      | Reached skill level 5 in Armour
  2522 | D:4      | Reached XP level 7. HP: 32/62 MP: 6/6
  3062 | D:4      | Reached skill level 5 in Shields
  3236 | D:4      | Found a broken altar of Ashenzari.
  3438 | D:3      | Noticed Jessica
  3443 | D:3      | Killed Jessica
  3498 | D:3      | Noticed Natasha
  3501 | D:3      | Killed Natasha
  3559 | D:3      | Noticed Natasha
  3569 | D:3      | Killed Natasha
  3589 | D:3      | Killed Sigmund
  3590 | D:3      | Reached XP level 8. HP: 68/71 MP: 7/7
  3704 | D:3      | Noticed Terence
  3712 | D:3      | Killed Terence
  4006 | D:5      | Entered Level 5 of the Dungeon
  4032 | D:5      | Reached skill level 1 in Stealth
  4184 | D:5      | Found a glowing drain.
  4188 | Sewer    | Entered a sewer
  4327 | Sewer    | HP: 1/71 [poisoned by a kobold brigand (curare-tipped
                  | dart)]
  4592 | Sewer    | Found a white marble altar of Elyvilon.
  5051 | D:5      | Found a snail-covered altar of Cheibriados.
  5291 | D:5      | Found an opulent altar of Gozag.
  5335 | D:5      | Found an iron altar of Okawaru.
  5340 | D:5      | Found a basalt altar of Yredelemnul.
  5343 | D:5      | Found an ornate altar of the Wu Jian Council.
  5400 | D:5      | Became a worshipper of Warmaster Okawaru
  5597 | D:5      | Reached XP level 9. HP: 49/79 MP: 8/8
  5929 | D:6      | Reached skill level 6 in Shields
  6094 | D:6      | Reached * piety under Okawaru
  6327 | D:6      | Noticed a troll
  6343 | D:6      | Killed a troll
  6344 | D:6      | Reached skill level 10 in Long Blades
  6657 | D:6      | Noticed Edmund
  6670 | D:6      | Killed Edmund
  6709 | D:6      | Found a staircase to the Ecumenical Temple.
  7199 | D:7      | Found Ybintuz's General Store.
  7319 | D:7      | Reached skill level 7 in Shields
  7344 | D:7      | Noticed a troll
  7355 | D:7      | Killed a troll
  7355 | D:7      | Reached ** piety under Okawaru
  7593 | D:7      | Noticed a komodo dragon
  7603 | D:7      | Killed a komodo dragon
  7604 | D:7      | Reached XP level 10. HP: 64/89 MP: 6/9
  8388 | D:8      | Found a sand-covered staircase.
  8393 | Ossuary  | Entered an ossuary
  9075 | D:8      | Found a staircase to the Lair.
  9448 | D:8      | Reached *** piety under Okawaru
  9876 | D:9      | Identified the +8 mace of Disaster {heavy, rElec Str+3}
  9884 | D:9      | Found an ancient bone altar of Kikubaaqudgha.
  9885 | D:9      | Found a staircase to the Orcish Mines.
 10047 | D:9      | Reached skill level 8 in Shields
 10183 | D:9      | Reached skill level 10 in Armour
 10330 | D:9      | Noticed Prince Ribbit
 10338 | D:9      | Killed Prince Ribbit
 10338 | D:9      | Reached **** piety under Okawaru
 10381 | D:9      | Reached XP level 11. HP: 62/99 MP: 10/10
 10423 | D:9      | Reached skill level 1 in Maces & Flails
 10676 | D:9      | You fall into a shaft and drop 2 floors!
 10763 | D:10     | Entered Level 10 of the Dungeon
 10777 | D:10     | Reached skill level 10 in Fighting
 11282 | D:10     | Noticed a two-headed ogre
 11289 | D:10     | Killed a two-headed ogre
 11384 | D:10     | Reached skill level 9 in Shields
 11442 | D:10     | Noticed Psyche
 11447 | D:10     | Killed Psyche
 11603 | D:10     | Reached ***** piety under Okawaru
 12158 | D:9      | Identified the ring of Woon {rPois Str+2}
 12225 | D:9      | Found a radiant altar of Vehumet.
 12230 | D:9      | Found a shimmering blue altar of Sif Muna.
 12713 | D:11     | Found Uroa's Armour Emporium.
 13049 | D:11     | Reached skill level 5 in Maces & Flails
 13157 | D:11     | Noticed a boulder beetle
 13175 | D:11     | Killed a boulder beetle
 13175 | D:11     | Received a gift from Okawaru
 13593 | Lair:1   | Entered Level 1 of the Lair of Beasts
 13615 | Lair:1   | Reached skill level 1 in Invocations
 13623 | Lair:1   | Reached skill level 10 in Shields
 13638 | Lair:1   | Received a gift from Okawaru
 13647 | Lair:1   | Reached XP level 12. HP: 27/108 MP: 9/12
 14722 | Lair:2   | Reached skill level 5 in Dodging
 14921 | Lair:2   | Reached skill level 11 in Shields
 15015 | Lair:2   | Identified the +9 ring mail of Bixemut {rElec} (Okawaru
                  | gifted it to you on level 2 of the Lair of Beasts)
 15015 | Lair:2   | Received a gift from Okawaru
 15586 | Lair:2   | Found a staircase to the Snake Pit.
 15809 | Lair:3   | Found a staircase to the Shoals.
 15849 | Lair:3   | Reached skill level 12 in Shields
 17239 | D:12     | Noticed a catoblepas
 17257 | D:12     | Killed a catoblepas
 17258 | D:12     | Reached XP level 13. HP: 110/116 MP: 13/13
 17359 | D:12     | Found a bloodstained altar of Trog.
 17391 | D:12     | Identified the +1 whip "Embalmer" {protect, Fragile rN++
                  | rCorr Stlth+}
 17612 | D:12     | Identified the +1 leather armour of Sophism {rN+ Will++
                  | Regen+ Int-4}
 17969 | Orc:1    | Entered Level 1 of the Orcish Mines
 18327 | Orc:1    | Reached ****** piety under Okawaru
 18604 | Orc:2    | Entered Level 2 of the Orcish Mines
 18619 | Orc:2    | Received a gift from Okawaru
 18629 | Orc:2    | Reached skill level 10 in Maces & Flails
 19038 | Orc:2    | Found Loshrauq's General Store.
 19082 | Orc:2    | Found Ciorot's Distillery.
 19185 | Orc:2    | Bought a potion of might for 64 gold pieces
 19251 | Orc:2    | Reached skill level 13 in Shields
 19339 | Orc:2    | Paralysed by an orc sorcerer for 2 turns
 19352 | Orc:2    | Paralysed by an orc sorcerer for 2 turns
 19512 | Orc:2    | Found a staircase to the Elven Halls.
 19583 | Orc:2    | Identified the +1 pair of gloves of Viogah {*Slow Will+
                  | rCorr Int+4} (Okawaru gifted it to you on level 2 of the
                  | Orcish Mines)
 19583 | Orc:2    | Received a gift from Okawaru
 19744 | Orc:2    | Found Gugesk's Jewellery Emporium.
 19744 | Orc:2    | Found Beavila's Antique Weapon Shoppe.
 19744 | Orc:2    | Found a one-way gate leading to the halls of Pandemonium.
 19755 | Orc:2    | Paralysed by an orc sorcerer for 4 turns
 20155 | D:13     | Reached XP level 14. HP: 105/127 MP: 14/14
 20643 | Lair:4   | Found the +8 whip "Snakebite" {venom, curare, rPois}
 21367 | Lair:5   | Entered Level 5 of the Lair of Beasts
 21613 | Lair:5   | Reached skill level 14 in Shields
 21877 | Lair:5   | Noticed Kirke
 21895 | Lair:5   | Killed Kirke
 21895 | Lair:5   | Identified the +1 scale mail of Laul {Contam Fly rF+}
                  | (Okawaru gifted it to you on level 5 of the Lair of Beasts)
 21895 | Lair:5   | Received a gift from Okawaru
 22320 | Lair:5   | Found a viscous altar of Jiyva.
 22320 | Lair:5   | Found a staircase to the Slime Pits.
 22588 | Lair:5   | Reached skill level 10 in Dodging
 22811 | Lair:5   | Found a snail-covered altar of Cheibriados.
 23378 | D:13     | Reached skill level 1 in Short Blades
 23600 | D:13     | Reached XP level 15. HP: 136/136 MP: 15/15
 23663 | D:13     | Reached skill level 15 in Shields
 23844 | D:13     | Noticed Erolcha
 23855 | D:13     | Killed Erolcha
 23855 | D:13     | Received a gift from Okawaru
 23855 | D:13     | Found the +1 robe of Vines {NoPotionHeal Regen++++}
 24127 | D:14     | Found a gate to the Vaults.
 24735 | D:14     | Identified the +11 short sword "Xaif Dom" {flame, Dex+3}
 24861 | D:15     | Entered Level 15 of the Dungeon
 24876 | D:15     | Noticed Roxanne
 24907 | D:15     | Killed Roxanne
 25458 | D:15     | Noticed Louise
 25482 | D:15     | Gained mutation: You are vulnerable to heat. (rF-) [a
                  | neqoxec]
 25502 | D:15     | Killed Louise
 25531 | D:15     | Reached skill level 16 in Shields
 25531 | D:15     | Found a staircase to the Depths.
 25923 | D:11     | Lost mutation: You are vulnerable to heat. (rF-) [potion of
                  | mutation]
 25923 | D:11     | Gained mutation: You are frail. (-10% HP) [potion of
                  | mutation]
 25923 | D:11     | Gained mutation: Your spells are a little harder to cast,
                  | but a little more powerful. [potion of mutation]
 26153 | D:$      | Got out of the dungeon alive.

Illustrated notes

Levels and vault maps discovered:
D:1:      saegor_arrival_miasma, layout_loops_corners, basic_ecumenical_altar,
          nicolae_titane
D:2:      layout_basic, grunt_ministairs_10, kennysheep_generic_room_5
D:3:      layout_loops_ring, uniq_sigmund, uniq_terence, uniq_jessica,
          uniq_natasha
D:4:      layout_loops_ring, kennysheep_mini,
          mainiacjoe_overflow_surrounded_room, grunt_temple_overflow_open,
          uniq_grinder
D:5:      layout_loops_cross, slow_altar_2, grunt_temple_overflow_cloverleaf,
          lightli_sewer_entry_pipes, minmay_between
D:6:      old_forge, layout_basic, minmay_temple_entry_nine_rooms, uniq_edmund
D:7:      layout_cave_pools, nicolae_take_the_stairs, wad_mini_maze
D:8:      layout_gridville, erik_lair_orcish_takeover, enter_ossuary_2,
          the_hattery
D:9:      layout_irregular_city, grunt_temple_overflow_magic_moments,
          minmay_orc_entry_guard_dogs, minivault_5, worms_lemuel,
          uniq_prince_ribbit1
D:10:     layout_basic, uniq_psyche
D:11:     layout_long_grid, serial_shops, nicolae_shop_statue_plus
D:12:     layout_gridville, tgw_trog
D:13:     layout_long_grid, uniq_erolcha
D:14:     layout_basic, lightli_vaults_fourway_checkpoint,
          nicolae_figureground_sparkle
D:15:     grunt_enter_depths_magical_seal, layout_basic, minmay_misc_feat_five,
          uniq_roxanne, uniq_louise
Lair:1:   layout_roguey, nicolae_quartered_pool_medium
Lair:2:   layout_gridlike, minmay_snake_entry_guardpost_medium
Lair:3:   layout_layer_cave, elwin_shoals_entry_rocks, grunt_megastairs_2,
          serial_bayou_shore_a, serial_bayou_shore_b, lemuel_fruit_fields
Lair:4:   minmay_guarded_unrand_snakebite, layout_concentric_octagons,
          grunt_forest_small_clearings, st_stairs_12
Lair:5:   grunt_lair_end_beastmaster, layout_cave_pods,
          dpeg_slime_entry_enclosed, kennysheep_snail_temple, uniq_kirke
Orc:1:    layout_caves
Orc:2:    pf_orc_diabolical, layout_caves

Skill      XL: |  1  2  3  4  5  6  7  8  9 10 11 12 13 14 15 |
---------------+----------------------------------------------+-----
Fighting       | 4 5 6 7 8 9 10 11 12 13 14 | 14.1
Shields        | 4 5 7 8 10 12 13 14 16 | 16.0
Armour         | 4 5 6 7 9 10 11 12 13 | 13.9
Long Blades    | 3 4 5 7 9 11 12 | 12.8
Dodging        | 1 2 4 6 8 10 11 | 11.4
Stealth        | 1 2 3 |  3.3
Maces & Flails | 6 9 11 13 14 | 14.2
Invocations    | 1 2 |  2.4
Short Blades   | 1 |  1.1

Action                     |  1- 3 |  4- 6 |  7- 9 | 10-12 | 13-15 || total
---------------------------+-------+-------+-------+-------+-------++-------
  Melee: Long sword        |    79 |    96 |   274 |       |       ||   449
         Headbutt          |    12 |    17 |    69 |   133 |   302 ||   533
         Scimitar          |       |       |   137 |   264 |       ||   401
         Mace              |       |       |       |   445 |  1011 ||  1456
         Dagger            |       |       |       |       |    92 ||    92
 Invoke: Heroism           |       |       |     2 |     7 |    15 ||    24
    Use: Potion            |     3 |       |     2 |     3 |     2 ||    10
         Scroll            |       |     3 |     9 |     8 |     6 ||    26
   Stab: Sleeping          |       |       |       |     1 |     4 ||     5
 Armour: Scale mail        |    37 |    45 |       |       |       ||    82
         Chain mail        |       |    10 |   206 |   203 |       ||   419
         Plate armour      |       |       |       |   256 |       ||   256
         Ring mail         |       |       |       |   116 |   654 ||   770
  Dodge: Dodged            |    38 |    39 |   137 |   487 |   925 ||  1626
  Block: Buckler           |    18 |    28 |    87 |   547 |   632 ||  1312
         Reflection        |       |       |       |     9 |       ||     9
